 Dungeon Crawl Stone Soup version 0.29.1-15-g9cfb28693d (webtiles) character file.

Game seed: 1562802434723530957

5 Kranky the Protected (level 1, 0/13 HPs)
             Began as a Gnoll Wanderer on Apr 25, 2023.
             Slain by an endoplasm (3 damage)
             ... on level 1 of the Dungeon.
             The game lasted 00:00:26 (94 turns).

Kranky the Protected (Gnoll Wanderer)                 Turns: 94, Time: 00:00:26

Health: 0/13       AC: 10    Str: 13    XL:     1   Next: 80%
Magic:  6/6        EV:  9    Int: 11    God:
Gold:   0          SH:  0    Dex:  9    Spells: 8/9 levels left

rFire   . . .      SeeInvis .   a - +0 dagger
rCold   . . .      Faith    .   (no shield)
rNeg    . . .      Spirit   .   c - +2 scale mail
rPois   .          Reflect  .   (no helmet)
rElec   .          Harm     .   (no cloak)
rCorr   .          Rampage  .   (no gloves)
Will    .....                   (no boots)
Stlth   ..........              (no amulet)
HPRegen 0.04/turn               (no ring)
MPRegen 0.10/turn               (no ring)

@: no status effects
A: fangs 1, strong nose, distributed training
a: no special abilities


You were on level 1 of the Dungeon.
You visited 1 branch of the dungeon, and saw 1 of its levels.

Inventory:

Hand Weapons
 a - a +0 dagger (weapon)
Missiles
 b - 9 poisoned darts (quivered)
Armour
 c - a +2 scale mail (worn)
Scrolls
 d - a scroll of blinking
 e - a scroll of amnesia {unknown}
 f - a scroll of identify {unknown}


   Skills:
 + Level 0.1 Fighting
 + Level 0.1 Short Blades
 + Level 0.1 Long Blades
 + Level 0.1 Axes
 + Level 0.1 Maces & Flails
 + Level 0.1 Polearms
 + Level 0.1 Staves
 + Level 0.1 Ranged Weapons
 + Level 6.4 Throwing
 + Level 8.4 Armour
 + Level 0.1 Dodging
 + Level 0.1 Stealth
 + Level 0.1 Shields
 + Level 0.1 Unarmed Combat
 + Level 4.9 Spellcasting
 + Level 0.1 Conjurations
 + Level 2.0 Hexes
 + Level 0.1 Summonings
 + Level 0.1 Necromancy
 + Level 0.1 Translocations
 + Level 0.1 Transmutations
 + Level 0.1 Fire Magic
 + Level 0.1 Ice Magic
 + Level 0.1 Air Magic
 + Level 0.1 Earth Magic
 + Level 0.1 Poison Magic
 + Level 0.2 Invocations
 + Level 0.1 Evocations


You had 8 spell levels left.
You knew the following spells:

 Your Spells              Type           Power      Damage    Failure   Level
a - Slow                  Hex            28%        N/A       34%         1

Your spell library contained the following spells:

 Spells                   Type           Power      Damage    Failure   Level
 Inner Flame              Hex/Fire       5%         N/A       83%         3


Dungeon Overview and Level Annotations

Branches:
Dungeon (1/15)

Altars:


Innate Abilities, Weirdness & Mutations

You have very sharp teeth.
Your uncanny sense of smell can sniff out nearby items.
Your experience applies equally to all skills.


Message History

No target in view!
No target in view!
The bat hits you.
You closely miss the bat. The bat closely misses you.
The bat hits you but does no damage.
You hit the bat but do no damage. The bat hits you but does no damage.
You hit the bat. You bite the bat.
You kill the bat!
No target in view!
No target in view!
Things that are here:
a +0 club; a goblin corpse An endoplasm comes into view.
Found 16 gold pieces and a ring mail.
The endoplasm quivers.
An endoplasm is nearby!
A goblin and a hobgoblin come into view.
Found 19 gold pieces.
The goblin shouts!
The hobgoblin shouts!
You hear an angry hiss.
A quokka comes into view.
The endoplasm freezes you.
You are frozen.
The goblin hits you but does no damage.
You closely miss the goblin.
A frilled lizard comes into view.
The endoplasm barely misses you. The goblin hits you with a +0 club.
You completely miss the goblin. The endoplasm freezes you.
You are frozen.
The goblin hits you but does no damage.
You hit the goblin.
The goblin is moderately wounded.
The endoplasm barely misses you.
You closely miss the goblin.
The goblin is moderately wounded.
The frilled lizard bites you. The endoplasm freezes you.
You are frozen.
* * * LOW HITPOINT WARNING * * *
The goblin misses you. The endoplasm attacks as you move away!
The endoplasm hits you.
You die...

# .# # [##
#. .$.
#.###.### #
#.#.ggJ...#
#.##.###@#.#
...#..l..#
#.#.#.###
#...#...
.#...#####
#.#.#.#
#.#...#
####.#..##
#.......#


You could see an endoplasm, a hobgoblin, a goblin and a frilled lizard.

Vanquished Creatures
  2 bats (D:1)
  A goblin (D:1)
  2 ball pythons (D:1)
5 creatures vanquished.

Notes
Turn   | Place    | Note
-------+----------+-------------------------------------------
     0 | D:1      | Kranky the Gnoll Wanderer began the quest for the Orb.
     0 | D:1      | Kranky set off with the following items: a +0 dagger, 9
                  | poisoned darts, a +2 scale mail, a scroll of blinking; and
                  | the following spell memorised: Slow; and the following
                  | spells available to memorise: Inner Flame.
     0 | D:1      | Reached XP level 1. HP: 13/13 MP: 6/6
    12 | D:1      | Found a faded altar of an unknown god.
    94 | D:1      | Slain by an endoplasm

Illustrated notes

Levels and vault maps discovered:
D:1:      scummos_arrival_checkerplants, layout_basic, basic_ecumenical_altar

Skill      XL: |  1 |
---------------+----+-----
Hexes          | 2 |  2.0
Fighting       | |  0.1
Short Blades   | |  0.1
Long Blades    | |  0.1
Axes           | |  0.1
Maces & Flails | |  0.1
Polearms       | |  0.1
Staves         | |  0.1
Ranged Weapons | |  0.1
Throwing       | |  6.4
Armour         | |  8.4
Dodging        | |  0.1
Stealth        | |  0.1
Shields        | |  0.1
Unarmed Combat | |  0.1
Spellcasting   | |  4.9
Conjurations   | |  0.1
Summonings     | |  0.1
Necromancy     | |  0.1
Translocations | |  0.1
Transmutations | |  0.1
Fire Magic     | |  0.1
Ice Magic      | |  0.1
Air Magic      | |  0.1
Earth Magic    | |  0.1
Poison Magic   | |  0.1
Invocations    | |  0.2
Evocations     | |  0.1

Action                   || total
-------------------------++-------
Melee: Dagger            ||    23
       Bite              ||     3
Armor: Scale mail        ||    16
Dodge: Dodged            ||    19
